 Dungeon Crawl Stone Soup version 0.30-a0-626-gd6a5dd7a1f (webtiles) character file.

Game seed: 16046349775976824619

82 hikkokomori the Shield-Bearer (level 4, -5/37 HPs)
             Began as a Formicid Fighter on Jan 12, 2023.
             Slain by an ogre
             ... wielding a +0 giant club
              (18 damage)
             ... on level 4 of the Dungeon.
             The game lasted 00:02:39 (2310 turns).

hikkokomori the Shield-Bearer (Formicid Fighter)    Turns: 2310, Time: 00:02:40

Health: -5/37      AC:  8    Str: 22    XL:     4   Next: 70%
Magic:  4/4        EV:  9    Int:  8    God:
Gold:   164        SH:  5    Dex: 13    Spells: 1/3 levels left

rFire   + . .      SeeInvis +    a - +0 quarterstaff
rCold   . . .      Faith    .    c - +0 buckler
rNeg    . . .      Spirit   .    b - +0 scale mail
rPois   .          Reflect  .    (helmet unavailable)
rElec   .          Harm     .    (no cloak)
rCorr   .          Rampage  .    o - +0 pair of gloves
Will    .....                    (no boots) Stlth
                                 s - amulet of regeneration
HPRegen 0.26/turn                i - ring of wizardry
MPRegen 0.09/turn                k - ring of protection from fire

@: no status effects
A: permanent stasis, dig shafts and tunnels, antennae 3, four strong arms
a: Dig, Shaft Self


You were on level 4 of the Dungeon.
You visited 1 branch of the dungeon, and saw 4 of its levels.

You collected 164 gold pieces.

Inventory:

Hand Weapons
 a - a +0 quarterstaff (weapon)
Armour
 b - a +0 scale mail (worn)
 c - a +0 buckler (worn)
 o - a +0 pair of gloves (worn)
Jewellery
 i - a ring of wizardry (left hand)
 k - a ring of protection from fire (right hand)
 s - an amulet of regeneration (around neck)
Scrolls
 f - 3 scrolls of identify
 l - a scroll of magic mapping {unknown}
 n - a scroll of poison
 p - 2 scrolls of teleportation {unknown}
 r - a scroll of fear {unknown}
 t - a scroll of fog {unknown}
 u - a scroll of enchant weapon {unknown}
Potions
 d - a potion of might
 e - a potion of heal wounds
 g - a potion of attraction {unknown}
 h - a potion of haste {unknown}
 j - a potion of curing {unknown}
 m - a potion of degeneration {unknown}
 q - a potion of lignification {unknown}


   Skills:
 + Level 4.2 Fighting
 - Level 2.0 Staves
 + Level 4.2 Armour
 - Level 5.0 Shields


You had one spell level left.
You knew the following spells:

 Your Spells              Type           Power      Damage    Failure   Level
a - Wereblood             Tmut           0%         N/A       58%         2

Your spell library contained the following spells:

 Spells                   Type           Power      Damage    Failure   Level
 Beastly Appendage        Tmut           0%         N/A       45%         1
 Spider Form              Tmut/Pois      0%         N/A       82%         3


Dungeon Overview and Level Annotations

Branches:
Dungeon (4/15)
 Temple: D:4-7

Altars:
Yredelemnul


Innate Abilities, Weirdness & Mutations

You cannot be hasted, slowed, berserked, paralysed or teleported.
You can dig through walls and to a lower floor.
You have a pair of large antennae on your head. (SInv)
Your four strong arms can wield two-handed weapons with a shield.


Message History

You climb downwards.
Found a book of Vapours and a yellow potion.
There is a stone staircase leading up here.
Sorry, I don't know how to get there.
An ogre comes into view. It is wielding a +0 giant club.
The ogre shouts!
You hear a shout! x2
A hobgoblin comes into view.
There are monsters nearby!
There are monsters nearby!
Okay, then.
It was a potion of heal wounds.
You feel much better.
A goblin comes into view. It is wielding a +0 dagger.
There is a stone staircase leading up here.
As you read the scroll labelled KEOMOU RIMNOZI, it crumbles to dust.
It is a scroll of identify.
n - 2 scrolls of poison Really read the scroll of poison?
The air fills with toxic fumes!
As you read the scroll of poison, it crumbles to dust.
Okay, then.
You start putting on your amulet.
You continue putting on your amulet of regeneration. x3
The ogre is engulfed in poison gas.
The ogre is poisoned.
You continue putting on your amulet of regeneration.
The ogre is engulfed in poison gas.
The ogre looks even sicker.
The ogre hits you with a +0 giant club!
You continue putting on your amulet of regeneration.
You finish putting on your amulet of regeneration.
The amulet cannot attune itself to your injured body.
s - an amulet of regeneration (around neck) Unknown command.
You hit the ogre.
The ogre is moderately wounded.
The ogre is engulfed in poison gas.
The ogre looks even sicker.
The ogre hits you with a +0 giant club!
You barely miss the ogre.
The ogre is severely wounded.
The ogre is engulfed in poison gas.
The ogre looks as sick as possible!
The ogre hits you with a +0 giant club!!
You die...

# ..
############§#
..○§.g§☼O@§§§#
..§§§§g§§§○§§#
########○###§#
§§# # ##○# ###


You could see an ogre (extremely poisoned), a hobgoblin and a goblin.

Vanquished Creatures
  An orc priest (D:3)
  An adder (D:3)
  A worm (D:2)
  2 orcs (D:3)
  5 ball pythons
  2 bats
  5 endoplasms
  2 giant cockroaches (D:1)
  5 goblins
  3 hobgoblins
  A kobold (D:2)
  A quokka (D:3)
  4 frilled lizards
  3 rats (D:1)
36 creatures vanquished.

Vanquished Creatures (others)
  2 withered plants (D:3)
2 creatures vanquished.

Grand Total: 38 creatures vanquished

Notes
Turn   | Place    | Note
-------+----------+-------------------------------------------
     0 | D:1      | hikkokomori the Formicid Fighter began the quest for the
                  | Orb.
     0 | D:1      | Reached XP level 1. HP: 18/18 MP: 1/1
   144 | D:1      | Reached XP level 2. HP: 24/24 MP: 2/2
   693 | D:1      | Reached XP level 3. HP: 30/30 MP: 3/3
   829 | D:1      | Learned a level 2 spell: Wereblood
  1600 | D:3      | Found a basalt altar of Yredelemnul.
  1625 | D:3      | Reached XP level 4. HP: 37/37 MP: 4/4
  1998 | D:3      | Reached skill level 5 in Shields
  2297 | D:4      | Noticed an ogre
  2310 | D:4      | Slain by an ogre

Illustrated notes

Levels and vault maps discovered:
D:1:      dpeg_arrival_solitude, layout_basic, minmay_tromino_mix6
D:2:      layout_rooms
D:3:      layout_basic, yredelemnul_altar_generic, kennysheep_generic_room_6
D:4:      layout_basic, minmay_temple_entry_glassed_door, serial_shops, shop,
          minmay_small_thing, uniq_robin

Skill      XL: |  1  2  3  4 |
---------------+-------------+-----
Fighting       | 4 |  4.2
Armour         | 4 |  4.2
Shields        | 5 |  5.0
Staves         | |  2.0

Action                   |  1- 3 |  4- 6 || total
-------------------------+-------+-------++-------
Melee: Quarterstaff      |    64 |    18 ||    82
  Use: Scroll            |       |     2 ||     2
       Potion            |       |     1 ||     1
Armor: Scale mail        |    29 |     4 ||    33
Dodge: Dodged            |    31 |     6 ||    37
Block: Buckler           |    11 |     5 ||    16

Table legend: (Time is in decaauts)
 A = Elapsed time spent in this place.
 B = Non-inter-level travel time spent in this place.
 C = Inter-level travel time spent in this place.
 D = Time resting spent in this place.
 E = Time spent auto-exploring this place.
 F = Levels seen in this place.
 G = Mean time per level.
                   A        B        C        D        E       F      G
               +--------+--------+--------+--------+--------+-----+--------+
         Total |   2326 |   2216 |    110 |      0 |   1931 |   4 |  581.5 |
       Dungeon |   2326 |   2216 |    110 |      0 |   1931 |   4 |  581.5 |
               +--------+--------+--------+--------+--------+-----+--------+

Top non-repeatable levels by time:
     D:3: 1058 daAuts
     D:1: 852 daAuts
     D:2: 400 daAuts
     D:4: 14 daAuts
